 Dungeon Crawl Stone Soup version 0.25.1-2-g60ff931df9 (webtiles) character file.

Game seed: 6750495729176245787

60 ubername the Ruffian (level 3, 0/37 HPs)
             Began as a Troll Berserker on Sept 30, 2020.
             Was a Follower of Trog.
             Slain by an ooze (4 damage)
             ... on level 2 of the Dungeon.
             The game lasted 00:01:05 (879 turns).

ubername the Ruffian (Troll Berserker)               Turns: 879, Time: 00:01:05

Health: 0/37       AC:  6    Str: 26    XL:     3   Next: 82%
Magic:  2/2        EV: 10    Int:  3    God:    Trog [*.....]
Gold:   67         SH:  0    Dex:  9    Spells: 2/2 levels left

rFire    . . .     SeeInvis .     - Unarmed
rCold    . . .     Gourm    +   (no shield)
rNeg     . . .     Faith    .   a - +0 animal skin
rPois    .         Spirit   .   (helmet restricted)
rElec    .         Reflect  .   (no cloak)
rCorr    .         Harm     .   (gloves unavailable)
MR       .....                  (boots unavailable)
Stlth    +.........             (no amulet)
HPRegen  0.52/turn              (no ring)
MPRegen  0.08/turn              (no ring)

@: no status effects
A: large, unfitting armour, claws 3, fast metabolism 3, gourmand, regeneration
1, shaggy fur 1, tough skin 3
a: Berserk, Renounce Religion


You were on level 2 of the Dungeon.
You worshipped Trog.
Trog was aware of your devotion.
You were full.

You visited 1 branch of the dungeon, and saw 2 of its levels.

You collected 67 gold pieces.

Inventory:

Hand Weapons
 g - a +0 club
Armour
 a - a +0 animal skin (worn)
Scrolls
 c - 3 scrolls of random uselessness {unknown}
 e - a scroll of enchant armour {unknown}
Potions
 d - a potion of curing {unknown}
 f - a potion of resistance {unknown}
 h - a potion of heal wounds {unknown}
Comestibles
 b - 4 rations


   Skills:
 + Level 3.0 Fighting
 + Level 2.8 Dodging
 + Level 3.8 Unarmed Combat


You had 2 spell levels left.
You didn't know any spells.
Your spell library was empty.

Dungeon Overview and Level Annotations

Branches:
Dungeon (2/15)

Altars:


Innate Abilities, Weirdness & Mutations

You are too large for most types of armour.
You have claws for hands.
Your metabolism is lightning-fast.
You like to eat raw meat.
Your natural rate of healing is unusually fast.
You are covered in fur. (AC +1)
You have extremely tough skin. (AC +3)


Message History

The ooze hits you but does no damage.
You see here a +0 club.
The quokka bites you. The gnoll hits you with a +0 spear. The ooze hits you.
You claw the gnoll!
The gnoll is almost dead.
The quokka bites you but does no damage.
The gnoll hits you with a +0 spear!
* * * LOW HITPOINT WARNING * * *
The ooze barely misses you.
You scratch the gnoll.
You kill the gnoll!
Trog accepts your kill. The quokka bites you.
* * * LOW HITPOINT WARNING * * *
The ooze hits you but does no damage.
You claw the quokka!
You kill the quokka!
Trog accepts your kill. The ooze hits you.
You die...

###### ########....#
#...........#
#...........#
##)....[.....#
.............#######
#......)..........#
#....%@.###.......#
#.....J)# #.......#
#####....##.......#
#....##...รท...#####
#.....#.....<......
#####.#############
.. #.. ...


You could see an ooze.

Vanquished Creatures
  3 gnolls (D:2)
  An ooze (D:1)
  A worm (D:2)
  A leopard gecko (D:1)
  4 bats
  A giant cockroach (D:2)
  2 goblins (D:1)
  4 hobgoblins (D:1)
  A quokka (D:2)
  2 frilled lizards (D:1)
  2 kobolds (D:1)
  2 rats (D:1)
24 creatures vanquished.

Notes
Turn   | Place    | Note
-------+----------+-------------------------------------------
     0 | D:1      | ubername the Troll Berserker began the quest for the Orb.
     0 | D:1      | Reached XP level 1. HP: 22/22 MP: 0/0
   116 | D:1      | Reached XP level 2. HP: 15/29 MP: 1/1
   760 | D:2      | Reached XP level 3. HP: 36/36 MP: 2/2
   879 | D:2      | Slain by an ooze

Illustrated notes

Levels and vault maps discovered:
D:1:      lightli_arrival_boilingwater, layout_basic, serial_forest,
          infiniplex_forest_corner_1, infiniplex_forest_clump_small,
          infiniplex_forest_clump_diagonal, infiniplex_forest_clump_tiny,
          infiniplex_forest_side_room, lemuel_another_geyser
D:2:      minmay_evil_eye, layout_basic

Skill      XL: |  1  2  3 |
---------------+----------+-----
Fighting       | 3 |  3.0
Dodging        | |  2.8
Unarmed Combat | |  3.8

Action                   || total
-------------------------++-------
Melee: Unarmed           ||    63
       Punch             ||     1
  Eat: Chunk             ||    11
Armor: Animal skin       ||    32
Dodge: Dodged            ||    48
